 Dungeon Crawl Stone Soup version 0.27-a0-869-g165b36e3f0 (webtiles) character file.

Game seed: 15846412421492180304

151 Lanoc the Charlatan (level 5, 0/39 HPs)
             Began as a Mummy Artificer on Apr 2, 2021.
             Was a Believer of Ashenzari.
             Slain by Robin
             ... wielding a +2 trident of flaming
              (3 damage)
             ... on level 3 of the Dungeon.
             The game lasted 00:05:11 (3381 turns).

Lanoc the Charlatan (Mummy Artificer)               Turns: 3381, Time: 00:05:11

Health: 0/39       AC:  7    Str: 15    XL:     5   Next: 11%
Magic:  14/14      EV: 11    Int: 11    God:    Ashenzari [**....]
Gold:   56         SH:  0    Dex: 13    Spells: 4/4 levels left

rFire    x . .     SeeInvis +   a - +0 quarterstaff "Circumscribed Secrets" {Comp, Bglg} (curse)
rCold    + + .     Faith    .   (shield currently unavailable)
rNeg     + + +     Spirit   .   g - +2 ring mail {rC+}
rPois    ∞         Reflect  .   (no helmet)
rElec    .         Harm     .   (no cloak)
rCorr    .         Rampage  .   (no gloves)
Will     .....                  (no boots)
Stlth    +.........             (no amulet)
HPRegen  0.13/turn              j - ring "I Knew You'd Do That" {MP+9, Range, Alch} (curse)
MPRegen  0.14/turn              (no ring)

@: no status effects
A: cold resistance 1, negative energy resistance 3, torment resistance 2,
unbreathing 1, heat vulnerability 1, no potions
a: Renounce Religion, Shatter the Chains


You were on level 3 of the Dungeon.
You worshipped Ashenzari.
Ashenzari was pleased with you.
You visited 1 branch of the dungeon, and saw 3 of its levels.

You collected 138 gold pieces.
You spent 82 gold pieces at shops.

Inventory:

Hand Weapons
 a - the cursed +0 quarterstaff "Circumscribed Secrets" (weapon) {Comp, Bglg}
   (You found it on level 1 of the Dungeon)

   It has a curse which improves the following skills: Companions: Summonings
   and Necromancy.
   Beguiling: Conjurations, Hexes and Translocations.
Armour
 g - a +2 ring mail of cold resistance (worn)
Jewellery
 j - the cursed ring "I Knew You'd Do That" (left hand) {MP+9, Range, Alch}
   (You found it on level 3 of the Dungeon)

   [ring of magical power]

   It affects your magic capacity (+9).
   It has a curse which improves the following skills: Ranged Combat: Slings,
   Bows, Crossbows and Throwing.
   Alchemy:   Poison Magic and Transmutations.
Wands
 c - a wand of flame (10) (quivered)
 d - a wand of charming (15)
 e - a wand of random effects (15)
 h - a wand of polymorph (9)
Scrolls
 b - a scroll of immolation
 f - 3 scrolls of teleportation
 i - a scroll of torment
 k - a scroll of fog


   Skills:
 + Level 2.5 Fighting
 - Level 1.5 Armour
 + Level 2.0 Dodging
 - Level 0.7 Stealth
 * Level 3.8 Evocations


You had 4 spell levels left.
You didn't know any spells.
Your spell library contained the following spells:

 Spells                   Type           Power      Damage    Failure   Level
 Animate Skeleton         Necr           0%         N/A       54%         1
 Apportation              Tloc           0%         N/A       54%         1
 Corona                   Hex            0%         N/A       54%         1
 Summon Small Mammal      Summ           0%         N/A       54%         1


Dungeon Overview and Level Annotations

Branches:
Dungeon (3/15)

Altars:
Ashenzari

Shops:
D:2 ?

Annotations:
D:3 Robin


Innate Abilities, Weirdness & Mutations

You are immune to poison.
Your flesh is cold resistant. (rC+)
You are immune to negative energy. (rN+++)
You are immune to unholy pain and torment.
You can survive without breathing.
You are vulnerable to heat. (rF-)
You do not drink.


Message History

Things that are here:
a +0 club; a goblin corpse Robin is nearby!
Things that are here:
31 stones; a +0 dagger; a +0 hunting sling Robin misses you.
Robin closely misses you.
You closely miss Robin.
Robin hits you with a +2 trident of flaming.
Robin burns you.
You hit Robin.
Robin is moderately wounded.
Robin barely misses you.
You hit Robin but do no damage.
Robin is moderately wounded.
Robin hits you but does no damage. Robin closely misses you.
You hit Robin but do no damage.
Robin is moderately wounded.
Robin hits you with a +2 trident of flaming.
Robin burns you.
You hit Robin but do no damage.
Robin is moderately wounded.
Robin barely misses you.
You hit Robin but do no damage.
Robin is moderately wounded.
Robin hits you with a +2 trident of flaming!
Robin burns you.
You are too injured to fight recklessly!
You are too injured to fight recklessly!
Robin hits you but does no damage.
Robin hits you from afar with a +2 trident of flaming.
* * * LOW HITPOINT WARNING * * *
Robin burns you.
* * * LOW HITPOINT WARNING * * *
Robin laughs in a distinctly smug fashion.
There is a stone staircase leading up here.
Robin hits you from afar with a +2 trident of flaming.
* * * LOW HITPOINT WARNING * * *
Robin burns you.
You die...

........#.#...####.# #.#.........
####............##.# #.......##..
#....#..........#########.####
######.##.#..........#######.####
.......##.###.#.#................
#.........###.#.#................
...###..........#.#..##......####
#..# ##.......###.......######
#..####.......##@....##.####
#...............)..........##
##.####......##...g.........# #
.....##......##.............# .
.............##.............# *.
........##.####.............# .
...........# #......(......## *.
........#### ######.#.......###.
........# #.#...........


You could see Robin.

Vanquished Creatures
  Jessica (D:3)
  5 adders
  2 dart slugs
  An orc (D:3)
  4 bats
  5 endoplasms
  2 giant cockroaches (D:2)
  13 goblins
  9 hobgoblins
  11 jackals
  3 ball pythons (D:3)
  3 frilled lizards
  4 kobolds
  4 rats
67 creatures vanquished.

Vanquished Creatures (others)
  An endoplasm (D:2)
  A kobold (D:2)
  A plant (D:1)
3 creatures vanquished.

Grand Total: 70 creatures vanquished

Notes
Turn   | Place    | Note
-------+----------+-------------------------------------------
     0 | D:1      | Lanoc the Mummy Artificer began the quest for the Orb.
     0 | D:1      | Reached XP level 1. HP: 15/15 MP: 1/1
   202 | D:1      | Found a faded altar of an unknown god.
   210 | D:1      | Became a worshipper of Ashenzari the Shackled
   223 | D:1      | Reached skill level 1 in Dodging
   286 | D:1      | Reached XP level 2. HP: 8/21 MP: 2/2
  1433 | D:2      | Reached skill level 3 in Evocations
  1450 | D:2      | Found Wabout's Magic Scroll Shoppe.
  1472 | D:2      | Reached XP level 3. HP: 18/27 MP: 3/3
  1758 | D:2      | Reached * piety under Ashenzari
  1950 | D:2      | Reached XP level 4. HP: 30/33 MP: 4/4
  2188 | D:3      | Noticed Robin
  2313 | D:2      | Bought a scroll of torment for 82 gold pieces
  2470 | D:3      | Noticed Jessica
  2862 | D:3      | Reached ** piety under Ashenzari
  2995 | D:3      | Killed Jessica
  3111 | D:3      | Reached XP level 5. HP: 37/39 MP: 5/5
  3381 | D:3      | Slain by Robin

Illustrated notes

Levels and vault maps discovered:
D:1:      psy_arrival_dodecagon, layout_loops_ring, basic_ecumenical_altar,
          minivault_24, chequers_big_river, chequers_avenue,
          hangedman_decor_push
D:2:      layout_rooms, serial_shops, shop, minmay_statues_item,
          lemuel_old_faithful
D:3:      layout_basic, uniq_jessica, uniq_robin

Skill      XL: |  1  2  3  4 |
---------------+-------------+-----
Dodging        | 1 2 |  2.0
Evocations     | 3 |  3.8
Fighting       | 2 |  2.5
Armour         | |  1.5
Stealth        | |  0.7

Action                   |  1- 3 |  4- 6 || total
-------------------------+-------+-------++-------
Melee: Club              |    75 |       ||    75
       Quarterstaff      |    69 |   115 ||   184
Invok: Curse Item        |     2 |     1 ||     3
       Shatter the Chain |     1 |       ||     1
Evoke: Wand              |     2 |     3 ||     5
Armor: Ring mail         |   103 |    87 ||   190
Dodge: Dodged            |   126 |    92 ||   218

Table legend: (Time is in decaauts)
 A = Elapsed time spent in this place.
 B = Non-inter-level travel time spent in this place.
 C = Inter-level travel time spent in this place.
 D = Time resting spent in this place.
 E = Time spent auto-exploring this place.
 F = Levels seen in this place.
 G = Mean time per level.
                   A        B        C        D        E       F      G
               +--------+--------+--------+--------+--------+-----+--------+
         Total |   3484 |   3375 |    109 |    402 |   2351 |   3 | 1161.3 |
       Dungeon |   3484 |   3375 |    109 |    402 |   2351 |   3 | 1161.3 |
               +--------+--------+--------+--------+--------+-----+--------+

Top non-repeatable levels by time:
     D:1: 1459 daAuts
     D:2: 1146 daAuts
     D:3: 878 daAuts
